 Dungeon Crawl Stone Soup version 0.27-a0-12-g5dcdf963e0 (webtiles) character file.

Game seed: 7618103678144793024

40 Makratea the Chopper (level 3, 0/33 HPs)
             Began as a Hill Orc Berserker on Jan 2, 2021.
             Was a Follower of Trog.
             Slain by an adder (2 damage)
             ... on level 2 of the Dungeon.
             The game lasted 00:06:44 (5432 turns).

Makratea the Chopper (Hill Orc Berserker)           Turns: 5432, Time: 00:06:45

Health: 0/33       AC:  3    Str: 20    XL:     3   Next: 50%
Magic:  3/3        EV: 12    Int:  7    God:    Trog [*.....]
Gold:   73         SH:  0    Dex: 10    Spells: 2/2 levels left

rFire    . . .     SeeInvis .   a - +0 hand axe
rCold    . . .     Faith    .   (no shield)
rNeg     . . .     Spirit   .   i - +0 leather armour
rPois    .         Reflect  .   (no helmet)
rElec    .         Harm     .   (no cloak)
rCorr    .         Rampage  .   (no gloves)
Will     .....                  (no boots)
Stlth    +.........             (no amulet)
HPRegen  0.11/turn              (no ring)
MPRegen  0.08/turn              (no ring)

@: lethally poisoned (0 -> -4)
A: no striking features
a: Renounce Religion, Berserk


You were on level 2 of the Dungeon.
You worshipped Trog.
Trog was aware of your devotion.
You visited 1 branch of the dungeon, and saw 2 of its levels.

You collected 73 gold pieces.

Inventory:

Hand Weapons
 a - a +0 hand axe (weapon)
 e - a +0 club
 f - a +0 club
Armour
 b - a +0 animal skin
 i - a +0 leather armour (worn)
Scrolls
 c - a scroll of remove curse
 g - a scroll of teleportation {unknown}
 h - a scroll of identify {unknown}
Potions
 d - 2 potions of invisibility {unknown}


   Skills:
 + Level 4.0 Fighting
 + Level 5.1 Axes
 + Level 2.4 Armour
 + Level 1.8 Dodging
 + Level 0.3 Stealth


You had 2 spell levels left.
You didn't know any spells.
Your spell library was empty.

Dungeon Overview and Level Annotations

Branches:
Dungeon (2/15)

Altars:


Message History

You closely miss the adder.
The adder is lightly wounded.
You hit the worm.
You feel sick. The adder bites you. The worm bites you.
You barely miss the adder.
The adder is lightly wounded.
You hit the worm.
You feel sick. The adder barely misses you. The adder misses you.
You closely miss the adder.
The adder is lightly wounded.
You barely miss the worm. The adder barely misses you.
The worm barely misses you.
You barely miss the adder.
The adder is lightly wounded.
You hit the worm.
You feel sick. The adder bites you but does no damage.
You barely miss the adder.
The adder is lightly wounded.
You barely miss the worm. The adder bites you. The worm bites you!
* * * LOW HITPOINT WARNING * * *
The adder bites you.
You die...

....
.....
....
####...
#....#
#....#
#....#
#)Sw.#
#.@..#
#...$#
######


You could see a worm and an adder.

Vanquished Creatures
  4 dart slugs
  A leopard gecko (D:1)
  A giant cockroach (D:1)
  5 goblins
  4 hobgoblins (D:1)
  3 jackals (D:1)
  2 bats (D:1)
  A frilled lizard (D:1)
  2 kobolds (D:1)
  8 rats (D:1)
31 creatures vanquished.

Notes
Turn   | Place    | Note
-------+----------+-------------------------------------------
     0 | D:1      | Makratea the Hill Orc Berserker began the quest for the
                  | Orb.
     0 | D:1      | Reached XP level 1. HP: 19/19 MP: 1/1
  2160 | D:1      | Reached XP level 2. HP: 15/27 MP: 2/2
  4968 | D:1      | Glimpsed the power of Zot.
  5026 | D:1      | Reached * piety under Trog
  5061 | D:1      | Reached XP level 3. HP: 31/33 MP: 3/3
  5114 | D:1      | Reached skill level 5 in Axes
  5432 | D:2      | Slain by an adder

Illustrated notes

Levels and vault maps discovered:
D:1:      dpeg_arrival_subterranean_lakeside_camping, layout_basic,
          minmay_rat_gold_closets
D:2:      layout_rooms, nicolae_tso_swordbearing_angel

Skill      XL: |  1  2  3 |
---------------+----------+-----
Fighting       | 4 |  4.0
Axes           | 5 |  5.1
Armour         | |  2.4
Dodging        | |  1.8
Stealth        | |  0.3

Action                   || total
-------------------------++-------
Melee: Hand axe          ||    96
Invok: Berserk           ||     2
  Use: Scroll            ||     2
 Stab: Sleeping          ||     2
Armor: Animal skin       ||    12
       Leather armour    ||     3
Dodge: Dodged            ||    75

Table legend: (Time is in decaauts)
 A = Elapsed time spent in this place.
 B = Non-inter-level travel time spent in this place.
 C = Inter-level travel time spent in this place.
 D = Time resting spent in this place.
 E = Time spent auto-exploring this place.
 F = Levels seen in this place.
 G = Mean time per level.
                   A        B        C        D        E       F      G
               +--------+--------+--------+--------+--------+-----+--------+
         Total |   5482 |   5482 |      0 |   4764 |    179 |   2 | 2741.0 |
       Dungeon |   5482 |   5482 |      0 |   4764 |    179 |   2 | 2741.0 |
               +--------+--------+--------+--------+--------+-----+--------+

Top non-repeatable levels by time:
     D:1: 5461 daAuts
     D:2: 20 daAuts
